 Dungeon Sprint DCSS version 0.30-a0-1112-gfb780f5df6 (webtiles) character file.

Game seed: 13867812598863954404

37 sircluck the Chopper (level 3, -12/37 HPs)
             Began as a Hill Orc Berserker on Apr 19, 2023.
             Was a Priest of Trog.
             Mangled by a gnoll
             ... wielding a +0 spear
              (14 damage)
             ... in the Dungeon (Sprint IX: "|||||||||||||||||||||||||||||").
             The game lasted 00:00:13 (40 turns).

sircluck the Chopper (Hill Orc Berserker)             Turns: 40, Time: 00:00:14

Health: -12/37     AC:  2    Str: 21    XL:     3   Next: 41%
Magic:  3/3        EV:  2    Int:  7    God:    Trog [***...]
Gold:   0          SH:  0    Dex: 10    Spells: 2/2 levels left

rFire   . . .      SeeInvis .    a - +0 hand axe
rCold   . . .      Faith    .    (no shield)
rNeg    . . .      Spirit   .    b - +0 animal skin
rPois   .          Reflect  .    (no helmet)
rElec   .          Rampage  .    (no cloak)
rCorr   .          NoTele   +    (no gloves)
Will    .....                    (no boots)
Stlth   +                        (no amulet)
HPRegen 0.26/turn                (no ring)
MPRegen 0.08/turn                (no ring)

@: sleeping, on berserk cooldown, slowed
A: no striking features
a: Renounce Religion, Berserk, Trog's Hand


You were in the Dungeon.
You worshipped Trog.
Trog was most pleased with you.
You visited 1 branch

Inventory:

Hand Weapons
 a - a +0 hand axe (weapon)
Armour
 b - a +0 animal skin (worn)
Scrolls
 h - a scroll of blinking
Potions
 c - a potion of curing
 d - a potion of heal wounds
 e - a potion of haste
 f - 2 potions of magic
 g - a potion of berserk rage


   Skills:
 + Level 5.6 Fighting
 + Level 6.8 Axes
 + Level 3.0 Armour
 + Level 2.6 Dodging


You had 2 spell levels left.
You didn't know any spells.
Your spell library was empty.

Dungeon Overview and Level Annotations

Branches:
Dungeon (1/1)

Altars:


Message History

The hound closely misses you. The hound bites you but does no damage.
The hound misses you.
You hit the hound.
The hound is heavily wounded.
The hound pauses to sniff the ground.
The hound closely misses you. The hound bites you.
* * * LOW HITPOINT WARNING * * *
You barely miss the hound.
The hound is heavily wounded.
The hound closely misses you. The hound bites you.
* * * LOW HITPOINT WARNING * * *
The hound closely misses you.
You slash the hound!
The hound is almost dead.
The hound closely misses you. The hound barely misses you.
You hit the hound.
You kill the hound!
Trog accepts your kill. The sleepcap releases spores at you.
* * * LOW HITPOINT WARNING * * *
Your Fighting skill increases to level 5!
Your Axes skill increases to level 6!
Your Armour skill increases to level 3!
Your Dodging skill increases to level 2!
You have reached level 3!
Your experience leads to an increase in your attributes!
Increase (S)trength, (I)ntelligence, or (D)exterity?
You feel stronger. x2
You hit the sleepcap.
The sleepcap is lightly damaged.
The gnoll misses you. The sleepcap barely misses you.
You hit the sleepcap.
The sleepcap is moderately damaged.
The gnoll hits you from afar with a +0 spear.
* * * LOW HITPOINT WARNING * * *
The sleepcap barely misses you. The sleepcap releases spores at you.
* * * LOW HITPOINT WARNING * * *
You are engulfed in a cloud of soporific spores!
You fall asleep.
The gnoll hits you from afar with a +0 spear!
You die... ▓▓▓▓▓▓▓▓▓▓▓▓▓▓▓▓▓▓ ▓<...††)..@fgf...+ ▓▓▓▓▓▓▓▓▓▓▓▓▓▓▓▓▓▓

You could see 2 sleepcaps and a gnoll.

Vanquished Creatures
  A hound (D)
  2 ball pythons (D)
  A goblin (D)
  A hobgoblin (D)
  A quokka (D)
  A rat (D)
7 creatures vanquished.

Notes
Turn   | Place    | Note
-------+----------+-------------------------------------------
     0 | D        | sircluck the Hill Orc Berserker began the quest for the
                  | Orb.
     0 | D        | Reached XP level 1. HP: 19/19 MP: 1/1
    11 | D        | Reached ** piety under Trog
    19 | D        | Reached skill level 5 in Axes
    23 | D        | Noticed a hound
    23 | D        | Noticed a sleepcap
    23 | D        | Noticed a sleepcap
    27 | D        | Reached XP level 2. HP: 23/28 MP: 2/2
    38 | D        | Reached *** piety under Trog
    39 | D        | Reached skill level 5 in Fighting
    39 | D        | Reached skill level 6 in Axes
    39 | D        | Reached XP level 3. HP: 6/37 MP: 3/3
    40 | D        | Mangled by a gnoll

Illustrated notes

Levels and vault maps discovered:
D:        linesprint [early_d, line_temple, items_1, d_10, items_2, lair_1,
          lair_end, items_3, orc_1, orc_end, items_4, d_15, swamp_1, shoals_1,
          snake_1, spider_1, d_20, vaults_1, items_5, swamp_end, shoals_end,
          snake_end, spider_end, vaults_end, d_27, items_6, zot_1, zot_end,
          crypt_end, forest_end, elf_end, slime_end, tomb_end, abyss_end,
          pan_hell_end]

Skill      XL: |  1  2 |
---------------+-------+-----
Fighting       | 4 5 |  5.6
Axes           | 5 6 |  6.8
Armour         | 3 |  3.0
Dodging        | 2 |  2.6

Action                     || total
---------------------------++-------
  Melee: Hand axe          ||    29
 Invoke: Berserk           ||     1
 Armour: Animal skin       ||     1
  Dodge: Dodged            ||    31

Table legend: (Time is in decaauts)
 A = Elapsed time spent in this place.
 B = Non-inter-level travel time spent in this place.
 C = Inter-level travel time spent in this place.
 D = Time resting spent in this place.
 E = Time spent auto-exploring this place.
 F = Levels seen in this place.
 G = Mean time per level.
                   A        B        C        D        E       F      G
               +--------+--------+--------+--------+--------+-----+--------+
         Total |     48 |     48 |      0 |      0 |      0 |   1 |   48.0 |
       Dungeon |     48 |     48 |      0 |      0 |      0 |   1 |   48.0 |
               +--------+--------+--------+--------+--------+-----+--------+

Top non-repeatable levels by time:
       D: 48 daAuts
